 Dungeon Crawl Stone Soup version 0.31-a0-233-g139696dc86 (webtiles) character file.

Game seed: 11271536467307975351

698301 reriks the Slayer (level 27, -5/185 (189) HPs)
             Began as a Gargoyle Fighter on July 7, 2023.
             Was the Champion of Qazlal.
             Slain by an iron golem (12 damage)
             ... led by an iron giant
             ... in the Vestibule of Hell.
             The game lasted 03:17:55 (87996 turns).

reriks the Slayer (Gargoyle Fighter)               Turns: 87996, Time: 03:17:55

HP:   -5/185 (189)  AC: 73    Str: 28      XL:     27
MP:   36/36         EV: 18    Int:  3      God:    Qazlal [******]
Gold: 7449          SH: 38    Dex: 12 (18) Spells: 32/37 levels left

rFire   + + .        j - +5 broad axe (protect)
rCold   + + +        I - +8 tower shield
rNeg    + + .        b - +10 plate armour "Lejop" {rF+ rC+}
rPois   ∞            K - +2 hat {SInv}
rElec   +            r - +0 cloak of Disguise {Regen+ Slay+5 Stlth-}
rCorr   +            t - +2 pair of gloves of the Sun {rPois}
SInv    +            v - +2 pair of boots
Will    +++..        f - amulet of Hehoiqutt {Faith rF+ rC+ rN+ Int-5} Stlth
                     q - ring "Ampih" {Wiz rC+ Will+ rCorr}
HPRegen 1.30/turn    e - ring of Gozag's Delight {EV+5 Slay+6}
MPRegen 0.25/turn

%: repel missiles, faith, wizardry (x1)
@: protected from physical damage, under a protective aura, flying, studying 2
skills, lightly drained
A: sickness immunity, AC +20, big wings, negative energy resistance 1,
electricity resistance, torment resistance 1, petrification resistance, claws 1,
strong 1
}: 4/15 runes: serpentine, barnacled, slimy, silver
a: Renounce Religion, Upheaval, Elemental Force, Disaster Area


You were in the Vestibule of Hell.
You worshipped Qazlal.
Qazlal was exalted by your worship.
You visited 16 branches of the dungeon, and saw 70 of its levels.
You visited the Abyss 1 time.
You also visited: Trove, Sewer, Gauntlet, Volcano and Desolation.

You collected 10976 gold pieces.
You spent 3527 gold pieces at shops.

Inventory:

Hand Weapons
 j - a +5 broad axe of protection (weapon)
 z - a +9 vampiric broad axe
 Y - a +0 broad axe of flaming
Missiles
 H - 6 silver boomerangs
 N - 3 silver javelins (quivered)
 W - 12 javelins
Armour
 b - the +10 plate armour "Lejop" (worn) {rF+ rC+}
   (You bought it in a shop on level 2 of the Orcish Mines)

   rF:        It protects you from fire.
   rC:        It protects you from cold.
 r - the +0 cloak of Disguise (worn) {Regen+ Slay+5 Stlth-}
   (You bought it in a shop on level 4 of the Snake Pit)

   Slay:      It affects your accuracy & damage with ranged weapons and melee
   (+5).
   Regen:     It increases your rate of health regeneration.
   Stlth:     It makes you less stealthy.
 t - the +2 pair of gloves of the Sun (worn) {rPois}
   (You found it in a Gauntlet)

   rPois:     It protects you from poison.
 v - a +2 pair of boots (worn)
 I - a +8 tower shield (worn)
 K - a +2 hat of see invisible (worn)
Jewellery
 a - a +6 ring of dexterity
 c - a ring of ice
 e - the ring of Gozag's Delight (right hand) {EV+5 Slay+6}
   (You took it off a deep elf pyromancer on level 3 of the Elven Halls)

   [ring of evasion]

   EV:        It affects your evasion (+5).
   Slay:      It affects your accuracy & damage with ranged weapons and melee
   (+6).
 f - the amulet of Hehoiqutt (around neck) {Faith rF+ rC+ rN+ Int-5}
   (You bought it in a shop on level 2 of the Orcish Mines)

   [amulet of faith]

   It allows you to gain divine favour quickly.
   Int:       It affects your intelligence (-5).
   rF:        It protects you from fire.
   rC:        It protects you from cold.
   rN:        It protects you from negative energy.
 q - the ring "Ampih" (left hand) {Wiz rC+ Will+ rCorr}
   (You found it on level 2 of the Vaults)

   [ring of wizardry]

   It improves your spell success rate.
   rC:        It protects you from cold.
   rCorr:     It protects you from acid and corrosion.
   Will:      It increases your willpower.
 s - the ring "Wam Ocyf" {rPois rC+ AC+4 Str+2}
   (You found it in a treasure trove)

   [ring of protection]

   AC:        It affects your AC (+4).
   Str:       It affects your strength (+2).
   rC:        It protects you from cold.
   rPois:     It protects you from poison.
 B - the amulet of Kufo {Harm Will+ Regen+}
   (You took it off a skeletal warrior on level 3 of the Crypt)

   [amulet of regeneration]

   Regen:     It increases your rate of health regeneration.
   Harm:      It increases damage dealt and taken.
   Will:      It increases your willpower.
 C - the ring of Birdsong {rPois rN+ Str-3 Dex+5 Stlth+}
   (You found it on level 3 of the Crypt)

   [ring of positive energy]

   Str:       It affects your strength (-3).
   Dex:       It affects your dexterity (+5).
   rPois:     It protects you from poison.
   rN:        It protects you from negative energy.
   Stlth:     It makes you more stealthy.
 F - the ring of Mudie {*Slow rN+ Str+7 Int-4 Dex+3}
   (You found it on level 3 of the Crypt)

   [ring of positive energy]

   Str:       It affects your strength (+7).
   Int:       It affects your intelligence (-4).
   Dex:       It affects your dexterity (+3).
   rN:        It protects you from negative energy.
   *Slow:     It may slow you when you take damage.
 G - a +6 ring of intelligence
 V - the amulet of the Four Winds {rN+ Will+++ Clar}
   (You bought it in a shop on level 3 of the Elven Halls)

   [amulet of nothing]

   rN:        It protects you from negative energy.
   Clar:      It protects you from confusion, rage, mesmerisation and fear.
   Will:      It greatly increases your willpower.
Wands
 D - a wand of digging (16)
Scrolls
 g - 19 scrolls of teleportation
 k - 2 scrolls of enchant armour
 p - 9 scrolls of fog
 w - 2 scrolls of revelation
 y - 12 scrolls of fear
 P - 8 scrolls of blinking
 Q - 5 scrolls of silence
 R - 12 scrolls of amnesia
 X - 8 scrolls of poison
Potions
 d - a potion of cancellation
 h - a potion of resistance
 i - 4 potions of haste
 l - 17 potions of mutation
 o - 7 potions of brilliance
 x - 3 potions of enlightenment
 A - 21 potions of curing
 E - 4 potions of berserk rage
 M - 10 potions of ambrosia
 T - a potion of might
 U - 11 potions of heal wounds
 Z - 5 potions of magic
Miscellaneous
 J - the horn of Geryon
 S - a lightning rod (4/4)


   Skills:
 + Level 23.7 Fighting
 + Level 22.8 Axes
 - Level 19.3 Throwing
 + Level 22.7 Armour
 + Level 14.3 Dodging
 + Level 22.1 Shields
 + Level 5.9 Spellcasting
 + Level 10.0 Conjurations
 + Level 7.7 Necromancy
 + Level 18.0 Invocations


You had 32 spell levels left.
You knew the following spells:

 Your Spells              Type           Power      Damage    Failure   Level
a - Fireball              Conj/Fire      1%         3d3       91%         5

Your spell library contained the following spells:

 Spells                   Type           Power      Damage    Failure   Level
 Magic Dart               Conj           24%        1d4       1%          1
 Searing Ray              Conj           12%        2d4       1%          2
 Necrotise                Necr           20%        1d5       2%          1
 Foxfire                  Conj/Fire      12%        2x1d4     9%          1
 Shock                    Conj/Air       12%        1d3       9%          1
 Static Discharge         Conj/Air       6%         2-3/arc   13%         2
 Dazzling Flash           Conj/Hex       6%         N/A       26%         3
 Hailstorm                Conj/Ice       3%         3d3       26%         3
 Stone Arrow              Conj/Erth      6%         3d7       26%         3
 Animate Dead             Necr           5%         N/A       26%         4
 Dispel Undead            Necr           5%         3d7       26%         4
 Mephitic Cloud           Conj/Pois/Air  2%         N/A       45%         3
 Apportation              Tloc           0%         N/A       54%         1
 Beastly Appendage        Tmut           0%         N/A       54%         1
 Summon Small Mammal      Summ           0%         N/A       54%         1
 Agony                    Necr           5%         N/A       58%         5
 Flame Wave               Conj/Fire      3%         2d5       61%         4
 Fulminant Prism          Conj/Hex       1%         3d5       61%         4
 Iskenderun's Mystic Bla  Conj/Tloc      3%         2d3       61%         4
 Sticky Flame             Conj/Fire      3%         2d3       61%         4
 Blink                    Tloc           0%         N/A       69%         2
 Call Imp                 Summ           0%         N/A       69%         2
 Lesser Beckoning         Tloc           0%         N/A       69%         2
 Poisonous Vapours        Pois/Air       0%         N/A       69%         2
 Scorch                   Fire           0%         2d5       69%         2
 Wereblood                Tmut           0%         N/A       69%         2
 Anguish                  Hex/Necr       1%         N/A       77%         4
 Frozen Ramparts          Ice            0%         1d1       88%         3
 Gell's Gravitas          Tloc           0%         N/A       88%         3
 Ignite Poison            Fire/Tmut/Pois 0%         N/A       88%         3
 Inner Flame              Hex/Fire       0%         N/A       88%         3
 Ozocubu's Armour         Ice            0%         N/A       88%         3
 Portal Projectile        Hex/Tloc       0%         N/A       88%         3
 Spider Form              Tmut/Pois      0%         N/A       88%         3
 Summon Guardian Golem    Hex/Summ       0%         N/A       88%         3
 Swiftness                Air            0%         N/A       88%         3
 Teleport Other           Tloc           0%         N/A       88%         3
 Tukima's Dance           Hex            0%         N/A       88%         3
 Vhi's Electric Charge    Tloc/Air       0%         N/A       88%         3
 Volatile Blastmotes      Fire/Tloc      0%         2d10      88%         3
 Arcjolt                  Conj/Air       1%         1d11      91%         5
 Irradiate                Conj/Tmut      1%         3d12      91%         5
 Death Channel            Necr           2%         N/A       98%         6
 Airstrike                Air            0%         2d(0-16)  99%         4
 Animate Armour           Summ/Erth      0%         N/A       99%         4
 Cause Fear               Hex            0%         N/A       99%         4
 Ice Form                 Ice/Tmut       0%         N/A       99%         4
 Leda's Liquefaction      Hex/Erth       0%         N/A       99%         4
 Manifold Assault         Tloc           0%         N/A       99%         4
 Passage of Golubria      Tloc           0%         N/A       99%         4
 Petrify                  Tmut/Erth      0%         N/A       99%         4
 Summon Ice Beast         Ice/Summ       0%         N/A       99%         4
 Summon Lightning Spire   Summ/Air       0%         N/A       99%         4
 Freezing Cloud           Conj/Ice/Air   1%         6-21      99%         5
 Alistair's Intoxication  Tmut/Pois      0%         N/A       100%        5
 Blade Hands              Tmut           0%         N/A       100%        5
 Lee's Rapid Deconstruct  Erth           0%         3d4*      100%        5
 Metabolic Englaciation   Hex/Ice        0%         N/A       100%        5
 Silence                  Hex/Air        0%         N/A       100%        5
 Summon Mana Viper        Hex/Summ       0%         N/A       100%        5
 Conjure Ball Lightning   Conj/Air       1%         3x3d6     100%        6
 Leda's Unmaking          Conj/Erth      1%         9d1       100%        6
 Plasma Beam              Fire/Air       0%         2x1d10    100%        6
 Simulacrum               Ice/Necr       1%         N/A       100%        6
 Starburst                Conj/Fire      1%         6d3       100%        6
 Summon Cactus Giant      Summ           0%         N/A       100%        6
 Dragon Form              Tmut           0%         N/A       100%        7
 Enfeeble                 Hex            0%         N/A       100%        7
 Haunt                    Necr/Summ      1%         N/A       100%        7
 Malign Gateway           Summ/Tloc      0%         N/A       100%        7
 Monstrous Menagerie      Summ           0%         N/A       100%        7
 Spellforged Servitor     Conj/Summ      1%         N/A       100%        7
 Storm Form               Tmut/Air       0%         N/A       100%        7
 Summon Hydra             Summ           0%         N/A       100%        7
 Borgnjor's Revivificati  Necr           2%         N/A       100%        8
 Discord                  Hex            0%         N/A       100%        8
 Ignition                 Fire           0%         3d3       100%        8
 Infestation              Necr           2%         N/A       100%        8
 Lehudib's Crystal Spear  Conj/Erth      1%         10d2      100%        8
 Maxwell's Capacitive Co  Air            0%         ∞         100%        8
 Necromutation            Tmut/Necr      1%         N/A       100%        8
 Summon Horrible Things   Summ           0%         N/A       100%        8
 Death's Door             Necr           2%         N/A       100%        9
 Dragon's Call            Summ           0%         N/A       100%        9
 Sublimation of Blood     Necr           Unusable   N/A       N/A         2
 Cigotuvi's Dreadful Rot  Necr/Pois/Air  Unusable   N/A       N/A         2
 Statue Form              Tmut/Erth      Unusable   N/A       N/A         6

Dungeon Overview and Level Annotations

Branches:
Dungeon (15/15)            Temple (1/1) D:4            Lair (5/5) D:9
 Shoals (4/4) Lair:2        Snake (4/4) Lair:3        Slime (5/5) Lair:4
    Orc (2/2) D:12            Elf (3/3) Orc:2        Vaults (5/5) D:13
  Crypt (3/3) Vaults:2       Tomb (0/3) Crypt:3      Depths (4/4) D:15
   Hell (1/1)                 Dis (6/7) Hell            Geh (7/7) Hell
    Coc (1/7) Hell            Tar (0/7) Hell            Zot (4/5) Depths:4
  Sewer (visited)         Volcano (visited)         Desolation (visited)
Gauntlet (visited)

Altars:
Ashenzari
Cheibriados
Dithmenos
Elyvilon
Fedhas
Gozag
Hepliaklqana
Kikubaaqudgha
Makhleb
Nemelex Xobeh
Okawaru
Qazlal
Ru
Sif Muna
Trog
Uskayaw
Vehumet
Wu Jian
Xom
Yredelemnul
Zin
The Shining One
Jiyva

Shops:
D:15 *   Orc:2 [=!:   Elf:2 =[   Elf:3 =(==   Shoals:1 (   Snake:4 **[**
Depths:1 ::

Portals:
Hell: Depths:1 Depths:2 Depths:3 Depths:4
Abyss: Depths:3 Depths:4
Pandemonium: Depths:1 Depths:2 Depths:4
Ziggurat: Depths:3

Annotations:
D:11 exclusions: downstairs and statue
Snake:4 exclusion: ice statue
Dis:4 10 runed doors


Innate Abilities, Weirdness & Mutations

You are immune to sickness and miasma.
Your stone body is resilient. (AC +20)
You are immune to poison.
Your large and strong wings let you fly.
You resist negative energy. (rN+)
You are resistant to electric shocks. (rElec)
You are resistant to unholy torment.
You are immune to petrification.
You have sharp fingernails.
Your muscles are strong. (Str +4, Int/Dex -1)


Message History

The iron golem hits you!!
* * * LOW HITPOINT WARNING * * *
You hit the iron golem but do no damage.
The iron golem is severely damaged.
You hit the iron golem but do no damage.
You block the iron golem's attack. The iron golem misses you.
You hit the iron golem but do no damage.
The iron golem is severely damaged.
You hit the iron golem. You block the iron golem's attack.
The iron golem hits you but does no damage.
You block the iron golem's attack. The iron golem misses you.
You slice the iron golem!!
The iron golem is almost destroyed.
You hit the iron golem but do no damage.
You block the iron golem's attack. x2
You slice the iron golem!!
The iron golem is almost destroyed.
You slice the iron golem!! You block the iron golem's attack. x2
The iron golem hits you but does no damage. x2
You slash the iron golem!
The iron golem is almost destroyed.
You hit the iron golem but do no damage.
You block the iron golem's attack. The iron golem hits you!
* * * LOW HITPOINT WARNING * * *
You block the iron golem's attack. x2
You barely miss the iron golem.
The iron golem is almost destroyed.
You slice the iron golem!! You block the iron golem's attack. x2
You barely miss the iron golem.
The iron golem is almost destroyed.
You hit the iron golem but do no damage.
You block the iron golem's attack. The iron golem hits you!
* * * LOW HITPOINT WARNING * * *
You slice the iron golem!!
The iron golem is almost destroyed.
You hit the iron golem but do no damage.
You block the iron golem's attack. x2
The iron golem hits you but does no damage.
The iron golem hits you!
You die...

##...........##
##.............##
##...#########...##
##...##.......##...##
##...##.........##...##
##...##...#'''#...##...##
##...##...##○§.##...##)..##
##....'....#.§.9.#....'....##
#.....'....#.9@..#....'.....#
#############################


You could see 2 iron golems.

Vanquished Creatures
  the Royal Jelly (Slime:5)
  A dread lich (Vaults:5)
  Mara (Depths:1)
  An orb of fire (Zot:4)
  An ancient lich (Vaults:5)
  A juggernaut (Dis:3)
  Vv (Zot:2)
  Boris (Crypt:3)
  Sojobo (Depths:2)
  2 Killer Klowns (Zot:1)
  Frederick (Depths:4)
  Saint Roka (Elf:3)
  A curse toe (Zot:3)
  21 caustic shrikes
  7 golden dragons
  Geryon (Hell)
  Nikola (Elf:1)
  A profane servitor (Crypt:3)
  2 electric golems (Zot:2)
  8 Brimstone Fiends
  3 iron giants
  A bone dragon (Crypt:3)
  10 hellephants
  14 tentacled monstrosities
  2 walking crystal tomes
  4 Hell Sentinels
  6 liches
  2 deep elf master archers (Elf:3)
  7 titans (Vaults:5)
  3 deep elf blademasters
  23 searing wretches
  The ghost of puppykicker the Crack Shot, an adept DEHs of Fedhas (Vaults:4)
  8 quicksilver dragons
  17 acid blobs
  11 ancient champions
  10 sphinxes
  A kraken (Shoals:1)
  9 death cobs
  Polyphemus (Shoals:2)
  Gastronok (D:9)
  A tentacled starspawn (Abyss:3)
  15 shadow dragons
  11 storm dragons
  Kirke (Lair:3)
  2 draconian monks
  13 tengu reavers
  Agnes (Elf:2)
  12 azure jellies
  2 revenants
  5 nagarajas
  10 draconian knights
  18 vault wardens
  20 fire giants
  13 frost giants
  The ghost of Ifrazul the Tortoise, a journeyman MiFi of Ru (Shoals:3)
  5 deep elf sorcerers
  10 rockslimes
  5 quicksilver elementals
  18 balrugs
  5 iron dragons
  2 orc warlords (Vaults:4)
  9 draconian scorchers
  5 draconian shifters
  3 draconian stormcallers
  5 angels
  5 deep elf elementalists
  A juggernaut zombie (Crypt:3)
  18 ghouls
  5 draconian annihilators
  2 reapers
  12 quicksilver oozes
  2 spriggan defenders
  6 formless jellyfish
  A caustic shrike skeleton (Depths:3)
  30 very ugly things
  A broodmother (shapeshifter) (Depths:3)
  7 war gargoyles
  20 green draconians
  5 vampire knights
  9 ironbound thunderhulks
  16 ironbound preservers
  11 dire elephants
  8 deep elf demonologists
  A lorocyproca (Hell)
  14 black draconians
  16 white draconians
  16 stone giants
  A minotaur (Gauntlet)
  11 deep elf annihilators
  A halazid warlock (Desolation)
  Azrael (D:13)
  9 yellow draconians
  A spark wasp (Depths:2)
  9 red draconians
  11 purple draconians
  2 crystal guardians (Vaults:2)
  Snorg (D:12)
  13 iron golems
  2 merfolk javelineers (Shoals:4)
  16 ettins
  2 blizzard demons (Hell)
  A quicksilver dragon zombie (Crypt:3)
  A ragged hierophant (Desolation)
  9 deep elf death magi
  A mummy priest (Crypt:3)
  8 eidola
  105 slime creatures
  3 merfolk impalers (Shoals:4)
  13 yaktaur captains
  2 entropy weavers
  6 deep elf high priests
  13 fire dragons
  11 jiangshi
  33 vault guards
  6 hydras
  A servant of whispers (Desolation)
  A spriggan zombie (Crypt:3)
  16 great orbs of eyes
  Fannar (D:12)
  3 rakshasas (Depths:2)
  An ice dragon (shapeshifter) (Vaults:5)
  A hell beast (Depths:2)
  5 ice dragons
  4 catoblepae
  A spectral spriggan (Depths:1)
  2 fenstrider witch zombies
  4 salamander tyrants
  Harold (D:9)
  A merfolk avatar (Shoals:4)
  2 ogre magi (D:12)
  A satyr (shapeshifter) (Vaults:3)
  5 death knights
  7 ironbound frosthearts
  4 spriggan air magi
  4 peacekeepers
  6 tengu warriors
  13 anacondas
  12 centaur warriors
  5 merfolk aquamancers (Shoals:4)
  3 boulder beetles
  29 dancing weapons
  An alligator snapping turtle (Shoals:4)
  11 naga warriors
  5 stokers
  7 deep troll shamans
  41 hell hogs
  3 satyrs
  2 demonic crawlers (Hell)
  17 death yaks
  11 two-headed ogres
  12 naga sharpshooters
  10 shock serpents
  2 spriggan berserkers (Depths:2)
  A titan zombie (Crypt:3)
  7 deep troll earth magi
  11 vampire magi
  18 deep elf knights
  A crystal echidna (Dis:2)
  4 sun demons
  5 soul eaters
  32 skeletal warriors
  A fire crab (shapeshifter) (D:13)
  10 hell knights
  2 sixfirhies (Depths:2)
  Amaemon (D:8)
  A golden dragon zombie (Crypt:1)
  A wretched star (Abyss:3)
  2 salamander mystics (Snake:3)
  A cherub (Zot:1)
  An anaconda zombie (Crypt:3)
  2 bunyip zombies (Crypt:3)
  A sea snake (shapeshifter) (D:13)
  37 deep trolls
  12 iron trolls
  2 glowing orange brains
  3 naga ritualists
  5 skysharks
  13 sea snakes
  4 flayed ghosts
  3 bog bodies (Crypt:2)
  10 deep elf archers
  15 wizards
  13 ironbound convokers
  8 necromancers
  13 lindwurms
  22 phantasmal warriors
  8 orc knights
  11 harpies
  57 ugly things
  29 deep elf zephyrmancers
  7 mana vipers
  16 deep elf pyromancers
  A faun (shapeshifter) (Vaults:5)
  An orc sorcerer (Orc:1)
  A wolf spider (D:15)
  A salamander (shapeshifter) (D:15)
  2 stone giant zombies (Crypt:3)
  2 worldbinders (Abyss:3)
  A cyclops (shapeshifter) (Vaults:5)
  19 manticores
  9 salamanders
  9 cyclopes
  7 fauns
  21 moths of wrath
  A moth of wrath (shapeshifter) (Vaults:5)
  A fire giant zombie (Depths:3)
  10 shining eyes
  10 elephants (Lair:5)
  2 centaur zombies (Crypt:3)
  5 large abominations
  9 merfolk sirens
  5 toenail golems (Volcano)
  2 water nymphs (Shoals:4)
  7 rust devils
  12 naga magi
  37 black mambas
  2 dire elephant skeletons (Crypt:1)
  6 guardian serpents
  Maggie (D:7)
  3 orange demons
  Joseph (D:7)
  18 vault sentinels
  A water nymph (shapeshifter) (Vaults:5)
  2 gargoyles (D:14)
  An eye of devastation (Slime:4)
  3 hellions
  Psyche (D:9)
  4 rime drakes
  2 unseen horrors
  10 komodo dragons
  16 cane toads
  An ice devil (Depths:2)
  19 freezing wraiths
  29 yaktaurs
  A minotaur zombie (Gauntlet)
  A rime drake (shapeshifter) (Elf:2)
  A guardian mummy (Crypt:3)
  12 tormentors
  4 tengu conjurers
  4 harpy zombies
  3 red devils (Depths:2)
  An unseen horror skeleton (Crypt:2)
  3 meliai (Lair:4)
  A queen bee (Lair:4)
  2 hellwings (Depths:2)
  A meliai (shapeshifter) (Elf:1)
  8 trolls
  Grinder (D:4)
  15 wind drakes
  16 dream sheep
  11 merfolk
  Prince Ribbit (D:7)
  11 saltlings (Desolation)
  20 blink frogs
  A sphinx simulacrum (Depths:3)
  A raiju (Abyss:3)
  9 snapping turtles
  An ettin zombie (Crypt:3)
  An air elemental (Elf:2)
  Sigmund (D:4)
  A culicivora (shapeshifter) (Vaults:5)
  A culicivora (Vaults:3)
  5 shadows
  5 wyverns
  A wyvern (shapeshifter) (D:15)
  12 water elementals
  52 yaks
  An ushabti (Crypt:3)
  9 wraiths
  Grum (D:8)
  A hog (Lair:4)
  4 basilisks
  3 starcursed masses (Abyss:3)
  10 chaos spawn
  7 vampire mosquitoes
  12 fire elementals
  7 golden eyes
  A steam dragon (Lair:4)
  A naga zombie (Crypt:3)
  Edmund (D:4)
  3 wargs
  24 nagas
  A two-headed ogre zombie (D:12)
  8 hell hounds
  15 water moccasins
  3 acid dragons
  A faun zombie (Crypt:2)
  Duvessa (D:4)
  4 ice beasts
  5 floating eyes
  An ice beast (shapeshifter) (Elf:3)
  A glowing shapeshifter skeleton (Depths:3)
  38 orc warriors
  4 sky beasts
  4 black bears
  An ettin simulacrum (Hell)
  6 boggarts
  11 ogres
  20 wolves
  26 centaurs
  3 phantoms
  A dream sheep skeleton (Crypt:2)
  7 kobold brigands
  17 necrophages
  19 bullfrogs
  2 scorpions
  An earth elemental (Elf:1)
  2 gnoll sergeants (D:9)
  11 wyvern skeletons (Crypt:3)
  An elf skeleton (Crypt:1)
  Dowan (D:4)
  5 small abominations
  12 killer bees
  A yak zombie (Crypt:2)
  2 troll zombies (D:12)
  4 howler monkeys
  5 electric eels
  3 lava snakes (Lair:3)
  10 orc priests
  A basilisk zombie (Crypt:1)
  3 hounds
  12 jellies
  Crazy Yiuf (D:6)
  3 iguanas
  2 sleepcaps
  Ijyb (D:3)
  20 orc wizards
  4 hell rats (Hell)
  5 ogre zombies (D:12)
  2 mummies
  Robin (D:4)
  11 gnolls
  14 adders
  4 river rats (Sewer)
  A steam dragon zombie (Crypt:1)
  A swamp drake skeleton (Crypt:1)
  3 shadow imps (D:5)
  An ufetubus (D:4)
  2 worms
  5 dart slugs
  95 orcs
  5 bats
  8 endoplasms
  A giant cockroach (D:1)
  A gnoll zombie (Crypt:2)
  11 goblins
  9 hobgoblins
  7 jackals
  43 kobolds
  4 quokkas
  3 training dummies (Shoals:1)
  9 ball pythons
  9 frilled lizards
  A goblin skeleton (D:12)
  3 goblin zombies (D:12)
  4 hobgoblin skeletons (D:12)
  3 hobgoblin zombies (D:12)
  A jackal zombie (Crypt:1)
  A kobold skeleton (Crypt:1)
  5 orc skeletons (D:12)
  9 orc zombies (D:12)
  8 rats
  3 creeping infernos
  18 fire vortices
  A starspawn tentacle (Abyss:3)
  3 tentacles (Shoals:1)
2731 creatures vanquished.

Vanquished Creatures (collateral kills)
  A Killer Klown (Zot:1)
  Jorgrun (Elf:1)
  A death cob (Zot:1)
  A nagaraja (Snake:4)
  An orc warlord (Orc:1)
  A stone giant (Vaults:5)
  A salamander tyrant (Snake:4)
  A hydra (Lair:3)
  A boulder beetle (D:11)
  An anaconda (Snake:4)
  3 naga warriors
  A shock serpent (Snake:4)
  2 naga sharpshooters (Snake:4)
  A phantasmal warrior (Vaults:5)
  2 naga ritualists (Snake:4)
  A deep elf pyromancer (Elf:1)
  A deep elf zephyrmancer (Elf:2)
  A mana viper (Snake:4)
  A salamander (Snake:4)
  4 black mambas
  3 naga magi
  An efreet (D:11)
  2 dream sheep (Lair:5)
  11 nagas
  2 orc priests
  2 orcs (Orc:1)
48 creatures vanquished.

Vanquished Creatures (others)
  A golden dragon (Zot:2)
  A tentacled starspawn (Abyss:3)
  2 draconian knights
  2 fire giants
  A yaktaur captain (Vaults:5)
  A deep elf knight (Elf:1)
  A deep troll (Depths:1)
  A deep elf zephyrmancer (Elf:1)
  A wizard (Vaults:4)
  6 deep elf pyromancers
  A salamander (Snake:3)
  A black mamba (Snake:4)
  A rime drake (shapeshifter) (Elf:3)
  A tormentor (Geh:6)
  A tengu conjurer (Depths:2)
  A troll (Orc:2)
  A wind drake (Shoals:4)
  2 raiju (Abyss:3)
  A human (Lair:4)
  A water elemental (Elf:2)
  A naga (Abyss:3)
  2 centaurs (Orc:2)
  A bullfrog (Lair:4)
  An orc wizard (Orc:2)
  An orc (Orc:2)
  2 creeping infernos (Hell)
  2 starspawn tentacles (Abyss:3)
  7 tentacles (Shoals:1)
45 creatures vanquished.

Grand Total: 2824 creatures vanquished

Notes
Turn   | Place    | Note
-------+----------+-------------------------------------------
     0 | D:1      | reriks the Gargoyle Fighter began the quest for the Orb.
     0 | D:1      | Reached XP level 1. HP: 14/14 MP: 1/1
   344 | D:1      | Reached XP level 2. HP: 17/19 MP: 2/2
   939 | D:2      | Reached XP level 3. HP: 17/24 MP: 3/3
  1065 | D:2      | Reached skill level 4 in Fighting
  1123 | D:2      | Found a faded altar of an unknown god.
  1479 | D:2      | Reached XP level 4. HP: 29/29 MP: 4/4
  1818 | D:3      | Noticed an ice beast
  1831 | D:3      | Killed an ice beast
  1832 | D:3      | Reached XP level 5. HP: 16/34 MP: 5/5
  1938 | D:3      | Reached skill level 5 in Fighting
  2245 | D:3      | Noticed Ijyb
  2253 | D:3      | Killed Ijyb
  2490 | D:4      | Reached XP level 6. HP: 16/40 MP: 6/6
  2750 | D:4      | Found a staircase to the Ecumenical Temple.
  2773 | D:4      | Noticed Edmund
  2788 | D:4      | Killed Edmund
  2966 | D:4      | Found a glowing drain.
  2975 | Sewer    | Entered a sewer
  3298 | Sewer    | Reached skill level 6 in Fighting
  3298 | Sewer    | Reached XP level 7. HP: 46/46 MP: 7/7
  3920 | Temple   | Entered the Ecumenical Temple
  3973 | Temple   | Became a worshipper of Qazlal Stormbringer
  4030 | D:4      | Noticed Robin
  4045 | D:4      | Killed Robin
  4154 | D:4      | Reached skill level 5 in Armour
  4167 | D:4      | Reached skill level 5 in Shields
  4321 | D:4      | Noticed Duvessa
  4322 | D:4      | Noticed Dowan
  4329 | D:4      | Killed Duvessa
  4331 | D:4      | Killed Dowan
  4558 | D:4      | Found an ancient bone altar of Kikubaaqudgha.
  4605 | D:4      | Noticed Sigmund
  4821 | D:4      | Reached skill level 7 in Fighting
  4821 | D:4      | Reached XP level 8. HP: 53/53 MP: 8/8
  4971 | D:4      | Noticed Grinder
  4978 | D:4      | Paralysed by Grinder for 5 turns
  4997 | D:4      | Killed Grinder
  5177 | D:4      | Killed Sigmund
  5268 | D:5      | Entered Level 5 of the Dungeon
  5347 | D:5      | Reached * piety under Qazlal
  5440 | D:5      | Reached skill level 8 in Fighting
  6168 | D:6      | Reached XP level 9. HP: 30/60 MP: 9/9
  6244 | D:6      | Reached ** piety under Qazlal
  6556 | D:6      | Reached skill level 5 in Axes
  6662 | D:6      | Reached skill level 9 in Fighting
  7215 | D:6      | Found a bloodstained altar of Trog.
  7293 | D:6      | Found a runed translucent door.
  7294 | D:6      | Noticed Crazy Yiuf
  7332 | D:6      | Killed Crazy Yiuf
  7424 | D:7      | Found an iron altar of Okawaru.
  7478 | D:7      | Noticed Maggie
  7490 | D:7      | Killed Maggie
  7491 | D:7      | Reached skill level 10 in Fighting
  7491 | D:7      | Reached XP level 10. HP: 51/68 MP: 10/10
  7517 | D:7      | Noticed Prince Ribbit
  7525 | D:7      | Killed Prince Ribbit
  7527 | D:7      | Reached *** piety under Qazlal
  7572 | D:7      | Noticed Joseph
  7588 | D:7      | Killed Joseph
  7961 | D:8      | Noticed Grum
  7962 | D:8      | Noticed Amaemon
  7969 | D:8      | Noticed an orange demon
  7987 | D:8      | Killed Grum
  8095 | D:8      | Reached skill level 11 in Fighting
  8137 | D:8      | Killed Amaemon
  8158 | D:8      | Killed an orange demon
  8539 | D:8      | Found a shimmering altar of Xom.
  8636 | D:9      | Reached skill level 1 in Invocations
  8638 | D:9      | Reached **** piety under Qazlal
  8639 | D:9      | Reached XP level 11. HP: 17/76 MP: 11/11
  8700 | D:9      | Noticed Psyche
  8707 | D:9      | Killed Psyche
  8708 | D:9      | Reached skill level 12 in Fighting
  8877 | D:9      | Found a shadowy altar of Dithmenos.
  9166 | D:9      | Found a snail-covered altar of Cheibriados.
  9200 | D:9      | Found an ornate altar of the Wu Jian Council.
  9211 | D:9      | Noticed Gastronok
  9267 | D:9      | Killed Gastronok
  9315 | D:9      | Found a radiant altar of Vehumet.
  9600 | D:9      | Identified the +0 robe "Xyfegha" {Regen+ Str-4 Stlth+}
  9627 | D:9      | Noticed Harold
  9643 | D:9      | Killed Harold
  9903 | D:9      | Found an opulent altar of Gozag.
 10078 | D:9      | Found a staircase to the Lair.
 10158 | D:10     | Entered Level 10 of the Dungeon
 10719 | D:10     | Reached skill level 13 in Fighting
 11460 | D:11     | Noticed a skeletal warrior
 11465 | D:11     | Noticed a skeletal warrior
 11467 | D:11     | Noticed a skeletal warrior
 11472 | D:11     | Noticed a skeletal warrior
 11481 | D:11     | Killed a skeletal warrior
 11482 | D:11     | Reached XP level 12. HP: 82/84 MP: 15/15
 11604 | D:11     | Found a gate leading to a gauntlet.
 11612 | Gauntlet | Entered a Gauntlet
 11612 | Gauntlet | Found a transporter.
 11622 | Gauntlet | Found a transporter.
 11636 | Gauntlet | Found a transporter.
 11637 | Gauntlet | Found a transporter.
 11644 | Gauntlet | Found a transporter.
 11652 | Gauntlet | Noticed a dire elephant
 11657 | Gauntlet | Found a runed translucent door.
 11661 | Gauntlet | Found a transporter.
 11663 | Gauntlet | Noticed a death yak
 11663 | Gauntlet | Noticed a death yak
 11663 | Gauntlet | Found the amulet of the Air {Inacc Air Fly rElec RMsl}
 11663 | Gauntlet | Noticed a death yak
 11671 | Gauntlet | Found a transporter.
 11681 | Gauntlet | Noticed a thrashing horror
 11682 | Gauntlet | Found a transporter.
 11683 | Gauntlet | Noticed a thrashing horror
 11696 | Gauntlet | Found a transporter.
 11724 | Gauntlet | Found a transporter.
 11725 | Gauntlet | Found a transporter.
 11774 | Gauntlet | Noticed a death yak
 11775 | Gauntlet | Noticed a death yak
 11777 | Gauntlet | Found a transporter.
 11780 | Gauntlet | Found a transporter.
 11790 | Gauntlet | Found a transporter.
 11891 | Gauntlet | Reached skill level 10 in Armour
 11916 | Gauntlet | Identified the +2 pair of gloves of the Sun {rPois}
 11926 | Gauntlet | Reached skill level 10 in Shields
 11937 | Gauntlet | Noticed a minotaur
 11965 | Gauntlet | Killed a minotaur
 11966 | Gauntlet | Reached skill level 5 in Invocations
 12016 | Gauntlet | Identified the staff "Unoet" {Fly rElec rF+ Dex+2 Fire}
 12291 | D:11     | Noticed a two-headed ogre
 12314 | D:11     | Killed a two-headed ogre
 12563 | Lair:1   | Entered Level 1 of the Lair of Beasts
 12713 | Lair:1   | Reached skill level 14 in Fighting
 13577 | Lair:2   | Noticed a skyshark
 13586 | Lair:2   | Killed a skyshark
 13586 | Lair:2   | Reached ***** piety under Qazlal
 13792 | Lair:2   | Reached XP level 13. HP: 91/91 MP: 17/17
 14573 | Lair:2   | Reached skill level 15 in Fighting
 14891 | Lair:2   | Found a staircase to the Shoals.
 15600 | Lair:3   | Found a staircase to the Snake Pit.
 16264 | D:11     | Found a radiant altar of Vehumet.
 16449 | D:11     | Reached skill level 1 in Throwing
 16519 | D:12     | Paralysed by an ogre mage for 4 turns
 17080 | Lair:4   | Found a stormy altar of Qazlal.
 17360 | Lair:4   | Gained mutation: Your large and strong wings let you fly.
                  | [Gargoyle growth]
 17360 | Lair:4   | Reached XP level 14. HP: 99/99 MP: 19/19
 17498 | Lair:4   | Noticed Kirke
 17508 | Lair:3   | Killed Kirke
 17717 | Lair:4   | Reached skill level 16 in Fighting
 18118 | Lair:4   | Found a viscous altar of Jiyva.
 18119 | Lair:4   | Found a staircase to the Slime Pits.
 18646 | Lair:5   | Entered Level 5 of the Lair of Beasts
 19153 | Lair:4   | Reached skill level 5 in Throwing
 19265 | Lair:4   | Reached skill level 10 in Axes
 19588 | Lair:5   | Reached XP level 15. HP: 74/106 MP: 21/21
 19674 | Lair:5   | Reached ****** piety under Qazlal
 19740 | Lair:5   | Reached skill level 17 in Fighting
 20560 | D:12     | Paralysed by an ogre mage for 4 turns
 20585 | D:12     | Identified the +5 morningstar "Tuckoy" {antimagic, Contam
                  | rF+ rCorr}
 20589 | D:12     | Noticed Snorg
 20603 | D:12     | Killed Snorg
 20627 | D:12     | Identified the ring "Upengott" {Drain rElec rPois Str+5}
 20881 | D:12     | Found a staircase to the Orcish Mines.
 21026 | D:12     | Noticed Fannar
 21044 | D:12     | Killed Fannar
 21841 | Orc:1    | Entered Level 1 of the Orcish Mines
 21883 | Orc:1    | Found a dark tunnel.
 21889 | Volcano  | Entered a volcano
 21943 | Abyss:3  | Cast into level 3 of the Abyss (a wizard)
 21990 | Abyss:3  | Noticed a tentacled starspawn
 22001 | Abyss:3  | Killed a tentacled starspawn
 22089 | Abyss:3  | Noticed a tentacled starspawn
 22097 | Abyss:3  | Noticed a revenant
 22099 | Abyss:3  | Reached skill level 10 in Invocations
 22099 | Abyss:3  | Reached XP level 16. HP: 85/114 MP: 20/23
 22101 | Abyss:3  | Killed a tentacled starspawn
 22125 | Abyss:3  | Killed a revenant
 22128 | Volcano  | Escaped the Abyss
 22136 | Volcano  | Reached XP level 17. HP: 56/119 MP: 24/24
 23104 | Orc:2    | Entered Level 2 of the Orcish Mines
 23189 | Orc:2    | Found a staircase to the Elven Halls.
 23440 | Orc:1    | Reached skill level 18 in Fighting
 24300 | Orc:2    | Found Ceddoipti's Jewellery Shop.
 24300 | Orc:2    | Found Ceruhin's Distillery.
 24300 | Orc:2    | Found Saefesey's Book Emporium.
 24303 | Orc:2    | Found Qimesuan's Antique Armour Boutique.
 24315 | Orc:2    | Bought a slimy plate armour for 784 gold pieces
 24315 | Orc:2    | Identified the +10 plate armour "Lejop" {rF+ rC+} (You
                  | bought it in a shop on level 2 of the Orcish Mines)
 24534 | Orc:2    | Bought the amulet of Hehoiqutt {Faith rF+ rC+ rN+ Int-5}
                  | for 547 gold pieces
 24842 | Snake:1  | Entered Level 1 of the Snake Pit
 25413 | Snake:1  | Identified the +6 scale mail "Huuhacka" {rCorr}
 28672 | Snake:3  | Found an opulent altar of Gozag.
 28755 | Snake:3  | Reached XP level 18. HP: 127/127 MP: 26/26
 28862 | Snake:3  | Reached skill level 1 in Dodging
 29097 | Snake:3  | Reached skill level 19 in Fighting
 30069 | Snake:4  | Entered Level 4 of the Snake Pit
 30897 | Orc:2    | Bought an amulet of reflection for 300 gold pieces
 31329 | Snake:4  | Found Zeonk's Assorted Antiques.
 31329 | Snake:4  | Found Ohucueb's Armour Shoppe.
 31333 | Snake:4  | Found Ohinit's General Store.
 31333 | Snake:4  | Found Bidgh's Assorted Antiques.
 31501 | Snake:4  | Noticed a quicksilver dragon
 31513 | Snake:4  | Killed a quicksilver dragon
 32262 | D:13     | Noticed Azrael
 32277 | D:13     | Killed Azrael
 33302 | D:13     | Found a gate to the Vaults.
 34815 | D:14     | You are sucked into a shaft and drop 1 floor!
 34815 | D:15     | Entered Level 15 of the Dungeon
 35046 | D:15     | Reached skill level 15 in Armour
 35899 | D:15     | Found Taidarch's General Store.
 36307 | D:15     | Found a staircase to the Depths.
 36401 | D:15     | Reached XP level 19. HP: 130/133 MP: 27/27
 36740 | D:15     | Found a glowing silver altar of Zin.
 37257 | Snake:4  | Reached skill level 15 in Shields
 37624 | Snake:4  | Found Ledid's Luxury Loot.
 37978 | Snake:4  | Got a serpentine rune of Zot
 38139 | Snake:4  | Bought the +0 cloak of Disguise {Regen+ Slay+5 Stlth-} for
                  | 559 gold pieces
 38295 | Shoals:1 | Entered Level 1 of the Shoals
 38991 | Shoals:1 | Reached skill level 5 in Dodging
 39121 | Shoals:1 | Found Leenam's Firing Range.
 39154 | Shoals:1 | Bought 6 javelins for 306 gold pieces
 39454 | Shoals:2 | Noticed Polyphemus
 39477 | Shoals:2 | Killed Polyphemus
 40828 | Shoals:3 | Found a runed translucent door.
 41289 | Shoals:3 | Noticed Ifrazul's ghost (journeyman MiFi)
 41327 | Shoals:3 | Killed Ifrazul's ghost
 41364 | Shoals:4 | Entered Level 4 of the Shoals
 41485 | Shoals:4 | Reached skill level 10 in Throwing
 42467 | Shoals:4 | Got a barnacled rune of Zot
 42873 | Shoals:4 | Reached XP level 20. HP: 135/139 MP: 28/28
 43063 | Shoals:4 | Identified the ring of Satisfaction {Drain rElec rCorr
                  | Int+6 Dex+3}
 43361 | Vaults:1 | Entered Level 1 of the Vaults
 43361 | Vaults:1 | Found a portal to a secret trove of treasure.
 43707 | Vaults:1 | Found a crumbling gateway.
 43709 | Vaults:1 | Found a glowing silver altar of Zin.
 43709 | Vaults:1 | Found a glowing golden altar of the Shining One.
 43709 | Vaults:1 | Found a white marble altar of Elyvilon.
 43737 | Desolati | Entered the Desolation of Salt
 44813 | Vaults:1 | Reached skill level 15 in Axes
 45656 | Vaults:2 | Identified the ring "Ampih" {Wiz rC+ Will+ rCorr}
 46594 | Vaults:2 | Found a staircase to the Crypt.
 47192 | Vaults:3 | Reached XP level 21. HP: 140/141 MP: 29/29
 48499 | Vaults:3 | Found the +10 morningstar "Eos" {elec, Halo rElec}
 48827 | Vaults:4 | Reached skill level 15 in Throwing
 49138 | Vaults:4 | Found a runed translucent door.
 49139 | Vaults:4 | Noticed puppykicker's ghost (adept DEHs)
 50171 | Vaults:5 | Entered Level 5 of the Vaults
 50171 | Vaults:5 | Noticed a dread lich
 50183 | Vaults:5 | Killed a dread lich
 50191 | Vaults:5 | Got a silver rune of Zot
 50201 | Vaults:5 | Reached XP level 22. HP: 126/150 MP: 30/30
 51640 | Vaults:5 | Noticed an ancient lich
 51652 | Vaults:5 | Killed an ancient lich
 52620 | Vaults:5 | Identified the ring "Purchon" {Ice rElec rPois Will++
                  | Dex-4}
 52699 | Vaults:5 | Identified the +2 triple crossbow of the Dead {heavy, rElec
                  | Int+3}
 52881 | Vaults:5 | Identified the +3 chain mail of Parts Unknown {+Inv}
 52882 | Vaults:5 | Identified the +5 pearl dragon scales of Gestures {rN+
                  | Dex+8}
 52917 | Vaults:5 | Reached XP level 23. HP: 151/155 MP: 32/32
 53390 | Vaults:5 | Identified the scarf of Autotheism {repulsion, rElec Str+2}
 53393 | Vaults:5 | Got the Monograph on Entranced Transportation
 54073 | Elf:1    | Entered Level 1 of the Elven Halls
 54078 | Elf:1    | Noticed Jorgrun
 54091 | Elf:1    | Killed Jorgrun
 54135 | Elf:1    | Noticed Nikola
 54157 | Elf:1    | Killed Nikola
 54719 | Elf:1    | Got Asmodeus's Essays on Production
 55163 | Elf:2    | Found Vuxtob's Antique Armour Emporium.
 55163 | Elf:2    | Found Naggit's Jewellery Shoppe.
 55472 | Elf:2    | Found a runed translucent gate.
 55473 | Elf:2    | Found a runed translucent gate.
 55473 | Elf:2    | Found a runed translucent gate.
 55477 | Elf:2    | Noticed Agnes
 55548 | Elf:2    | Killed Agnes
 55965 | Elf:3    | Entered Level 3 of the Elven Halls
 56001 | Elf:3    | Found Jeynou's Jewellery Emporium.
 56449 | Elf:3    | Found Ibbouj's Jewellery Boutique.
 56746 | Elf:3    | Found Nixaczopp's Jewellery Boutique.
 56832 | Elf:3    | Bought the amulet of the Four Winds {rN+ Will+++ Clar} for
                  | 1031 gold pieces
 56832 | Elf:3    | Found the amulet of the Four Winds {rN+ Will+++ Clar}
 56937 | Elf:3    | Found Uxkonuh's Antique Weapon Shop.
 57025 | Elf:3    | Identified the ring "Erchageq" {rElec Will+ Dex+6}
 57178 | Elf:3    | Reached skill level 10 in Dodging
 57336 | Elf:3    | Reached skill level 20 in Fighting
 57384 | Elf:3    | Identified the ring "Asono" {rElec rN+ Str-3 Stlth+}
 57400 | Elf:3    | Identified the +2 great sword "Bupal" {antimagic, Int+3}
 57400 | Elf:3    | Identified the ring of Gozag's Delight {EV+5 Slay+6}
 57608 | Elf:3    | Identified the staff of the Eel {rPois rC+ Str+6 Poison}
 57635 | Elf:3    | Noticed Saint Roka
 57635 | Elf:3    | Identified the +2 short sword of Woskith {flame, rF- Dex+7
                  | Stlth-}
 57650 | Elf:3    | Killed Saint Roka
 57651 | Elf:3    | Reached XP level 24. HP: 140/163 MP: 28/32
 58000 | Elf:3    | Identified the amulet of Emoanu Erupt {rF+ Regen+}
 58002 | Elf:3    | Identified the +9 dagger of Geagewn {flame, rElec Will-
                  | SInv Stlth+}
 58107 | Elf:3    | Got Kaatein's Witchery, Part Six
 58533 | Depths:1 | Entered Level 1 of the Depths
 58539 | Depths:1 | Noticed Mara
 58553 | Depths:1 | Noticed reriks's illusion
 58560 | Depths:1 | Killed Mara
 59033 | Depths:1 | Found a one-way gate leading to the halls of Pandemonium.
 59282 | Depths:1 | Found a hazy altar of Hepliaklqana.
 59316 | Depths:1 | Found Beewi's Book Shop.
 59320 | Depths:1 | Found Ugusev's Book Shop.
 59670 | Depths:1 | Found a gateway to Hell.
 60517 | Depths:2 | Identified the +4 scimitar "Imusoheth" {drain, SInv}
 60929 | Depths:2 | Noticed a caustic shrike
 60943 | Depths:2 | Killed a caustic shrike
 61236 | Depths:2 | Noticed Sojobo
 61256 | Depths:2 | Killed Sojobo
 61257 | Depths:2 | Reached XP level 25. HP: 169/169 MP: 33/33
 61830 | Depths:3 | Paralysed by a floating eye for 4 turns
 61933 | Depths:3 | Found a one-way gateway to a ziggurat.
 61949 | Depths:3 | Found a one-way gate to the infinite horrors of the Abyss.
 62474 | Depths:3 | Found an ancient bone altar of Kikubaaqudgha.
 62895 | Depths:4 | Entered Level 4 of the Depths
 63253 | Depths:4 | Reached skill level 21 in Fighting
 63361 | Depths:4 | Noticed Frederick
 63385 | Depths:4 | Killed Frederick
 63586 | Depths:4 | Found a gate to the Realm of Zot.
 64188 | Zot:1    | Entered Level 1 of the Realm of Zot
 65218 | Slime:1  | Entered Level 1 of the Pits of Slime
 65453 | Slime:2  | Gained mutation: Your body sometimes deteriorates upon
                  | taking damage. [a shining eye]
 65455 | Slime:2  | Gained mutation: You are frail. (-10% HP) [a shining eye]
 65468 | Slime:1  | Reached XP level 26. HP: 159/159 MP: 20/34
 65537 | Slime:2  | Paralysed by a floating eye for 2 turns
 67000 | Slime:5  | Entered Level 5 of the Pits of Slime
 67718 | Slime:5  | Noticed the Royal Jelly
 67790 | Slime:5  | Killed the Royal Jelly
 67922 | Slime:5  | Paralysed by a floating eye for 3 turns
 67934 | Slime:5  | Reached skill level 15 in Invocations
 68188 | Slime:5  | Identified a scroll of acquirement
 68188 | Slime:5  | Found the +7 sceptre of Torment {pain, torment}
 68192 | Slime:5  | Identified the staff "Aheceivo" {rElec Int+4 Air}
 68207 | Slime:5  | Got a slimy rune of Zot
 68445 | Slime:5  | Identified the staff of Poverty {Fly rElec MP-9 Str+6
                  | Stlth+ Air}
 68446 | Slime:5  | Identified the +10 scimitar "Nearelas" {flame, Will+}
 69236 | Vaults:3 | Acquired 974 gold pieces
 69523 | Zot:1    | Found a shimmering altar of Xom.
 69523 | Zot:1    | Noticed a Killer Klown
 69530 | Zot:1    | Noticed a Killer Klown
 69534 | Zot:1    | Noticed a Killer Klown
 69542 | Zot:1    | Found a shimmering altar of Xom.
 69542 | Zot:1    | Found a shimmering altar of Xom.
 69550 | Zot:1    | Killed a Killer Klown
 69562 | Zot:1    | Killed a Killer Klown
 69563 | Zot:1    | Killed a Killer Klown
 69564 | Zot:1    | HP: 2/159 [death cob (12)]
 69596 | Zot:1    | Found a glowing silver altar of Zin.
 70428 | Zot:2    | Identified the +0 chain mail of Mirth {rPois rC- Dex+4}
 71393 | Zot:2    | Noticed Vv
 71425 | Zot:2    | Killed Vv
 71426 | Zot:2    | Reached XP level 27. HP: 140/165 MP: 34/34
 72869 | Zot:3    | Reached skill level 22 in Fighting
 74751 | Zot:4    | Noticed an orb of fire
 74753 | Zot:4    | Gained mutation: You do not regenerate when monsters are
                  | visible. [an orb of fire]
 74758 | Zot:4    | Gained mutation: Your spells are a little easier to cast,
                  | but a little less powerful. [an orb of fire]
 74765 | Zot:4    | Killed an orb of fire
 75819 | Vaults:1 | Acquired a manual of Conjurations
 75826 | Vaults:1 | You paid a toll of +2 gold dragon scales to enter a
                  | treasure trove
 75827 | Trove    | Entered a treasure trove
 75862 | Trove    | Identified the ring "Wam Ocyf" {rPois rC+ AC+4 Str+2}
 75872 | Trove    | Identified the +4 ring mail of Cocytus {rPois Int+4 Dex+3}
 76204 | Vaults:4 | Killed puppykicker's ghost
 76409 | Crypt:1  | Entered Level 1 of the Crypt
 76457 | Crypt:1  | Lost mutation: You do not regenerate when monsters are
                  | visible. [potion of mutation]
 76457 | Crypt:1  | Lost mutation: Your spells are a little easier to cast, but
                  | a little less powerful. [potion of mutation]
 76457 | Crypt:1  | Gained mutation: Your spells are a little easier to cast,
                  | but a little less powerful. [potion of mutation]
 76457 | Crypt:1  | Gained mutation: You have sharp toenails. [potion of
                  | mutation]
 76458 | Crypt:1  | Lost mutation: You have sharp toenails. [potion of
                  | mutation]
 76458 | Crypt:1  | Lost mutation: Your body sometimes deteriorates upon taking
                  | damage. [potion of mutation]
 76458 | Crypt:1  | Lost mutation: Your spells are a little easier to cast, but
                  | a little less powerful. [potion of mutation]
 76458 | Crypt:1  | Gained mutation: You are very frail. (-20% HP) [potion of
                  | mutation]
 77037 | Crypt:1  | Paralysed by a floating eye for 4 turns
 77044 | Crypt:1  | Found an ancient bone altar of Kikubaaqudgha.
 78081 | Crypt:3  | Entered Level 3 of the Crypt
 78446 | Crypt:3  | Noticed Boris
 78454 | Crypt:3  | Killed Boris
 78600 | Crypt:3  | Found a staircase to the Tomb.
 79144 | Crypt:3  | Found a basalt altar of Yredelemnul.
 79267 | Crypt:3  | Got the Vellum of Maleficent Deeds
 79409 | Crypt:3  | Identified the amulet of Kufo {Harm Will+ Regen+}
 79441 | Crypt:3  | Identified the ring of Birdsong {rPois rN+ Str-3 Dex+5
                  | Stlth+}
 79441 | Crypt:3  | Identified the ring of Mudie {*Slow rN+ Str+7 Int-4 Dex+3}
 80077 | Hell     | Entered the Vestibule of Hell
 80077 | Hell     | Noticed Geryon
 80237 | Hell     | Reached skill level 1 in Conjurations
 80237 | Hell     | Reached skill level 1 in Necromancy
 80244 | Hell     | Killed Geryon
 80245 | Hell     | Reached skill level 1 in Spellcasting
 80541 | Hell     | Found a gateway to the Iron City of Dis.
 80669 | Hell     | Found a gateway to the freezing wastes of Cocytus.
 80755 | Hell     | Found a gateway to the decaying netherworld of Tartarus.
 80820 | Hell     | Found a gateway to the ashen valley of Gehenna.
 80900 | Geh:1    | Entered Level 1 of Gehenna
 80933 | Geh:1    | Reached skill level 23 in Fighting
 81456 | Hell     | Lost mutation: You are very frail. (-20% HP) [potion of
                  | mutation]
 81456 | Hell     | Lost mutation: You are frail. (-10% HP) [potion of
                  | mutation]
 81456 | Hell     | Gained mutation: You have sharp fingernails. [potion of
                  | mutation]
 81456 | Hell     | Gained mutation: Your muscles are strong. (Str +4, Int/Dex
                  | -1) [potion of mutation]
 81503 | Geh:2    | Reached skill level 5 in Conjurations
 81948 | Geh:4    | Reached skill level 5 in Necromancy
 83021 | Geh:7    | Entered Level 7 of Gehenna
 83270 | Hell     | Upgraded the game from 0.31-a0-232-gb1c03b2570 to
                  | 0.31-a0-233-g139696dc86
 83276 | Hell     | Learned a level 5 spell: Fireball
 83320 | Coc:1    | Entered Level 1 of Cocytus
 86087 | Dis:1    | Entered Level 1 of the Iron City of Dis
 86413 | Dis:2    | Reached skill level 5 in Spellcasting
 86433 | Dis:2    | You are sucked into a shaft and drop 2 floors!
 86441 | Dis:4    | Found a huge runed gate.
 86441 | Dis:4    | Found a huge runed gate.
 86441 | Dis:4    | Found a huge runed gate.
 86441 | Dis:4    | Found a huge runed gate.
 86441 | Dis:4    | Found a huge runed gate.
 86476 | Dis:4    | Found a huge runed gate.
 86476 | Dis:4    | Found a huge runed gate.
 86476 | Dis:4    | Found a huge runed gate.
 86476 | Dis:4    | Found a huge runed gate.
 86476 | Dis:4    | Found a huge runed gate.
 87327 | Dis:3    | Noticed a juggernaut
 87453 | Dis:3    | Killed a juggernaut
 87869 | Dis:5    | Reached skill level 10 in Conjurations
 87995 | Hell     | HP: 6/185 [iron golem[an iron giant] (15)]
 87996 | Hell     | Slain by an iron golem

Illustrated notes

Levels and vault maps discovered:
D:1:      ncdulo_lavacross, layout_basic
D:2:      minmay_door_path, layout_basic, hellmonk_ecumenical_altar_arch_garden
D:3:      layout_basic, uniq_ijyb
D:4:      cheibrodos_thug_alley, layout_gridville,
          mainiacjoe_overflow_boulevard, temple_pool_b,
          cheibrodos_sewer_entry_drain, uniq_grinder, uniq_duvessa, uniq_edmund,
          uniq_sigmund, uniq_robin
D:5:      layout_loops_ring, minmay_starry_boxes
D:6:      layout_basic, marbit_many_paths, minmay_between,
          uniq_crazy_yiuf_cottage
D:7:      layout_rooms, okawaru_metal_pillars_1_2, minmay_misc_feat_rugged,
          uniq_prince_ribbit1, uniq_maggie, uniq_joseph
D:8:      layout_rooms, lemuel_doored_altar, amcnicky_mini_pool_medium,
          uniq_grum, uniq_amaemon
D:9:      layout_stronghold, nicolae_gozag_cash_rules_everything_around_me,
          nicolae_dithmenos_shadow_blocks, mainiacjoe_overflow_swirl,
          chei_slow_surprise, david_lair_shrubbed, chequers_jeans, uniq_psyche,
          uniq_harold, uniq_gastronok
D:10:     layout_loops_cross, small_statue_intersection
D:11:     layout_gridville, gauntlet_entry_generic, vehumet_statue
D:12:     minmay_ambush_box, layout_stronghold, zombieorc2_lemuel, uniq_fannar,
          uniq_snorg
D:13:     layout_basic, erik_vaults_1, serial_bayou, serial_bayou_lagoon_b,
          serial_bayou_lagoon_a, serial_bayou_shore_b, serial_bayou_pond_d,
          uniq_azrael
D:14:     layout_gridville, dreamdust_mushroom_princess
D:15:     hangedman_depths_entry_try_elsewhere_first, layout_irregular_city,
          serial_shops, shop, roderic_lattice_a, zin_angel
Temple:   cyrus_circular_temple
Lair:1:   layout_chaotic_city, beast_lair_carwin_2, serial_bayou_shore_b
Lair:2:   layout_layer_cave, minmay_shoals_entry_beasts, beast_lair_carwin_6
Lair:3:   layout_chaotic_city, nicolae_snake_entry_warm_welcome,
          grunt_forest_stairs_basic
Lair:4:   beast_lair_carwin_large_1, layout_concentric_octagons, slime_entry_1,
          basic_altar, special_room [special_room_bee], uniq_kirke
Lair:5:   evilmike_catoblepas_cave, layout_cave_pods, grunt_megastairs_5
Shoals:1: layout_shoals, nicolae_shop_firing_range
Shoals:2: cheibrodos_shoals_satyrical_garden, layout_shoals,
          nicolae_shoals_lost_giant_temple, uniq_polyphemus
Shoals:3: layout_shoals, ebering_ghost_reflecting_pool
Shoals:4: shoals_end_simple, layout_shoals
Snake:1:  layout_basic, nicolae_snake_snakewalk, nicolae_integral_box
Snake:2:  layout_grid_maze, nicolae_snake_coiling_death
Snake:3:  layout_chambers, basic_altar
Snake:4:  hellmonk_snake_rune_quicksilver_temple, layout_rooms,
          portal_ice_cave_entry_ice_statue_one, statue_in_the_mist_lemuel,
          nicolae_alphabet_shops, minmay_shop_grid_forest
Slime:1:  nicolae_slime_infinislime, layout_caves
Slime:2:  nicolae_slime_jelly_donut, layout_caves, special_room
          [special_room_jelly]
Slime:3:  layout_caves
Slime:4:  layout_caves, nicolae_slime_rock_hall_of_fame, uniq_dissolution
Slime:5:  slime_pit_nicolae_inversion
Orc:1:    layout_diamond_mine, nicolae_volcano_entry_hallway
Orc:2:    st_orc_rangers, layout_caves, lightli_orcish_oven
Elf:1:    layout_gridlike, minmay_elf_demonology, uniq_jorgrun, uniq_nikola
Elf:2:    nicolae_elf_blades_crystal_corner, layout_geoelf_octagon,
          minmay_shoptagon, uniq_agnes
Elf:3:    grunt_elf_hall_asides, layout_geoelf_castle, serial_shops,
          nicolae_shop_real_fake_doors, nicolae_shop_rolling_square, shop, shop,
          uniq_saint_roka
Vaults:1: portal_desolation_entry_holy_temple, ontoclasm_vaults_chip,
          grunt_vaults_hallway_short, hangedman_vaults_variations,
          vaults_room_hallway, nicolae_vaults_asterisk,
          nicolae_vaults_little_squares_2, ontoclasm_vaults_ligature,
          layout_vaults_omnigrid, enter_trove_2
Vaults:2: nicolae_vaults_windows_and_doors_thing,
          nicolae_vaults_closet_pinwheel_3, nicolae_vaults_cornered_office,
          nicolae_vaults_puzzle_piece, vaults_dpeg_encased_lava,
          nicolae_vaults_trapezoid_3, hangedman_vaults_hat, v_misc_32,
          minmay_crypt_entry_nasty_monster, grunt_vaults_hallway_short,
          layout_vaults_ring
Vaults:3: nicolae_vaults_closet_pinwheel_1, nicolae_vaults_network_quincunx
          [nicolae_vaults_network_quincunx_subvault,
          nicolae_vaults_network_quincunx_subvault,
          nicolae_vaults_network_quincunx_subvault,
          nicolae_vaults_network_quincunx_subvault,
          nicolae_vaults_network_quincunx_subvault], st_quartered_hall,
          v_misc_13, nicolae_vaults_surprise_closet, nicolae_vaults_house_3,
          nicolae_vaults_heart-shaped_vault, nicolae_vaults_house_1,
          nicolae_vaults_storage_closets_2, nicolae_vaults_sightless_eye,
          ontoclasm_vaults_gateway, nicolae_vaults_trapezoid_1,
          vaults_dpeg_emergency_exit, nicolae_vaults_little_squares_6,
          layout_vaults_omnicross
Vaults:4: hellmonk_ghost_big_iron, nicolae_vaults_house_1,
          nicolae_vaults_offset_grid_hallway_1, nicolae_vaults_mitosis,
          vaults_dpeg_ring, nicolae_vaults_network_periphery,
          nicolae_vaults_twisting_passages, nicolae_vaults_closet_pinwheel_6,
          nicolae_vaults_what_the_h, nicolae_vaults_door_testing_chamber,
          nicolae_vaults_little_ls, nicolae_vaults_circle_grid_b,
          nicolae_vaults_tetromino_T_2, ontoclasm_vaults_ring_small,
          layout_vaults_maze
Vaults:5: serial_shops
Crypt:1:  cheibrodos_crypt_eye_of_stone, layout_misc_corridors
Crypt:2:  layout_misc_corridors, roderic_lattice_octagonal_star, uniq_grunn
Crypt:3:  evilmike_haunted_forest, uniq_boris
Depths:1: layout_gridlike, grunt_metal_band, minmay_misc_feat_cross, pan_entry,
          nicolae_hepliaklqana_monster_ancestors, grunt_megastairs_2,
          minmay_shop_star, uniq_mara
Depths:2: nicolae_aperiodic_l_corner, layout_honeycomb,
          grunt_pan_entry_in_and_out, grunt_hell_entry_dis_grunt,
          serial_sigils_hangedman_leer, hangedman_corner_corridor, uniq_sojobo
Depths:3: minmay_bloctagon, layout_cave_shapes, ziggurat_fallback, special_room
          [special_room_mythical_zoo], kiku_gazebo_garden_becter,
          serial_co_window_serial, co_window_paths_a, co_window_corner_a,
          co_window_corner_a, co_window_cross_1, co_window_corner_a,
          co_window_paths_b, co_window_paths_a, co_window_of_opportunity_b,
          co_window_of_opportunity_b, co_window_corner_cb, co_window_broadway_a,
          glass_columns_a, glass_columns_c, minmay_room_of_horrors,
          hangedman_geh_valley, minmay_misc_feat_diagonals, serial_bayou_shore_b
Depths:4: grunt_zot_entry_pinwheel, layout_honeycomb, abyss_entry,
          hangedman_decor_slide_cut, rand_demon_pan_entry_8,
          hangedman_coc_ice_floe, uniq_frederick
Hell
Dis:1:    layout_regular_city
Dis:2:    layout_subdivisions
Dis:3:    layout_regular_city, nicolae_dis_step_into_the_octagon
Dis:4:    layout_subdivisions, door_vault
Dis:5:    layout_subdivisions
Dis:6:    layout_jigsaw
Geh:1:    layout_gehenna_pools_triple
Geh:2:    layout_gehenna_pools_basic
Geh:3:    nicolae_geh_realm_of_the_lava_sea
Geh:4:    layout_gehenna_lava_caves
Geh:5:    nicolae_geh_symmetric_flows, layout_gehenna_pools_triple
Geh:6:    layout_gehenna_lava_caves
Geh:7:    geh_mu
Coc:1:    layout_cocytus_delve, nicolae_hells_hurtin_island
Zot:1:    dreamdust_zin_vs_xom, layout_misc_corridors
Zot:2:    layout_gridlike, uniq_vv
Zot:3:    layout_concentric_octagons
Zot:4:    layout_gridlike, grunt_ministairs_11

Skill      XL: |  1  2  3  4  5  6  7  8  9 10 11 12 13 14 15 16 17 18 19 20 21 22 23 24 25 26 27 |
---------------+----------------------------------------------------------------------------------+-----
Axes           | 2 3 4 5 6 7 8 9 10 11 13 14 15 16 17 18 19 20 21 22 | 22.8
Fighting       | 4 5 6 7 8 10 11 13 14 15 16 17 18 19 20 21 23 | 23.7
Armour         | 4 5 6 7 8 9 10 11 12 13 14 15 16 17 18 19 20 22 | 22.7
Shields        | 4 5 6 7 8 9 10 11 12 13 14 15 16 17 18 19 20 22 | 22.1
Invocations    | 1 4 6 7 8 10 11 12 13 14 15 18 | 18.0
Throwing       | 3 6 7 8 9 11 13 15 16 17 18 19 | 19.3
Dodging        | 3 5 7 8 9 10 11 12 14 | 14.3
Conjurations   | 10 | 10.0
Necromancy     | 7 |  7.7
Spellcasting   | 5 |  5.9

Action                     |  1- 3 |  4- 6 |  7- 9 | 10-12 | 13-15 | 16-18 | 19-21 | 22-24 | 25-27 || total
---------------------------+-------+-------+-------+-------+-------+-------+-------+-------+-------++-------
  Melee: War axe           |    97 |   134 |   355 |   692 |   350 |       |       |       |       ||  1628
         Scimitar          |       |       |       |       |    14 |       |       |       |       ||    14
         Broad axe         |       |       |       |       |   585 |  1227 |  1531 |  1878 |  3874 ||  9095
  Throw: Dart              |       |     2 |    15 |    11 |     6 |    18 |       |       |       ||    52
         Boomerang         |       |       |       |       |       |   115 |    19 |       |       ||   134
         Javelin           |       |       |       |       |       |     3 |    28 |    34 |    69 ||   134
         Throwing net      |       |       |       |       |       |       |     2 |       |       ||     2
 Invoke: Upheaval          |       |       |       |     1 |       |       |     1 |       |       ||     2
         Elemental Force   |       |       |       |       |     3 |     7 |     3 |     4 |     5 ||    22
         Disaster Area     |       |       |       |       |     2 |     8 |     4 |     7 |    16 ||    37
  Evoke: Wand              |       |       |       |    13 |       |       |       |       |     3 ||    16
    Use: Scroll            |       |     8 |     4 |    10 |    18 |     4 |     4 |       |    18 ||    66
         Potion            |       |       |       |     2 |     3 |     2 |     2 |       |     8 ||    17
   Stab: Invisible         |       |       |     1 |     2 |       |       |       |       |       ||     3
         Distracted        |       |       |       |       |     2 |       |       |     1 |     6 ||     9
         Paralysed         |       |       |       |       |       |     3 |     6 |     2 |     5 ||    16
 Armour: Scale mail        |    12 |       |       |       |       |       |       |       |       ||    12
         Plate armour      |    54 |    46 |       |   215 |   607 |   995 |   752 |   619 |  1425 ||  4713
         Chain mail        |       |    55 |   282 |   191 |       |       |       |       |       ||   528
  Dodge: Dodged            |    36 |    41 |   140 |   156 |   226 |   392 |   439 |   357 |  1143 ||  2930
         Repelled          |       |     1 |     4 |     4 |     3 |    37 |    15 |    38 |    86 ||   188
  Block: Buckler           |    22 |    22 |   144 |   441 |   775 |  1299 |  1391 |   593 |       ||  4687
         Reflection        |       |       |       |       |       |    58 |    88 |   123 |    20 ||   289
         Tower shield      |       |       |       |       |       |       |       |  1369 |  5365 ||  6734

Table legend: (Time is in decaauts)
 A = Elapsed time spent in this place.
 B = Non-inter-level travel time spent in this place.
 C = Inter-level travel time spent in this place.
 D = Time resting spent in this place.
 E = Time spent auto-exploring this place.
 F = Levels seen in this place.
 G = Mean time per level.
                   A        B        C        D        E       F      G
               +--------+--------+--------+--------+--------+-----+--------+
         Total |  87215 |  77748 |   9467 |  23730 |  34287 |  76 | 1147.6 |
       Dungeon |  20162 |  16603 |   3559 |   3640 |   9177 |  15 | 1344.1 |
        Temple |     60 |     54 |      6 |      0 |     38 |   1 |   60.0 |
          Lair |   7917 |   6654 |   1263 |   1772 |   3236 |   5 | 1583.4 |
        Shoals |   4899 |   4613 |    286 |   1393 |   2319 |   4 | 1224.8 |
     Snake Pit |   7771 |   7099 |    672 |   2739 |   2939 |   4 | 1942.8 |
    Slime Pits |   3494 |   3293 |    201 |   1437 |   1296 |   5 |  698.8 |
  Orcish Mines |   2376 |   1962 |    414 |    630 |    891 |   2 | 1188.0 |
   Elven Halls |   4203 |   3957 |    246 |   1047 |   1807 |   3 | 1401.0 |
        Vaults |   9682 |   8525 |   1157 |   1822 |   4040 |   5 | 1936.4 |
         Crypt |   3348 |   2843 |    505 |    195 |   1718 |   3 | 1116.0 |
        Depths |   5933 |   5453 |    480 |   1069 |   2935 |   4 | 1483.2 |
          Hell |   4015 |   3900 |    115 |   3241 |    330 |   1 | 4015.0 |
           Dis |   1589 |   1589 |      0 |    862 |      5 |   6 |  264.8 |
       Gehenna |   1736 |   1622 |    114 |    265 |     89 |   7 |  248.0 |
       Cocytus |      5 |      5 |      0 |      0 |      0 |   1 |    5.0 |
           Zot |   6615 |   6171 |    444 |   2451 |   2399 |   4 | 1653.8 |
         Abyss |    192 |    192 |      0 |      9 |      0 |   1 |  192.0 |
         Trove |    228 |    228 |      0 |      0 |     70 |   1 |  228.0 |
         Sewer |   1099 |   1099 |      0 |    229 |    628 |   1 | 1099.0 |
       Volcano |    442 |    442 |      0 |     19 |    124 |   1 |  442.0 |
    Desolation |    916 |    916 |      0 |    815 |      0 |   1 |  916.0 |
      Gauntlet |    523 |    523 |      0 |     91 |    245 |   1 |  523.0 |
               +--------+--------+--------+--------+--------+-----+--------+

Top non-repeatable levels by time:
    Hell: 4015 daAuts
Vaults:5: 3205 daAuts
 Snake:3: 2878 daAuts
   Elf:3: 2241 daAuts
     D:9: 2197 daAuts
   Zot:3: 2183 daAuts
     D:4: 2003 daAuts
    D:12: 1986 daAuts
  Lair:2: 1977 daAuts
Vaults:3: 1920 daAuts
Depths:2: 1899 daAuts
 Snake:2: 1873 daAuts
  Lair:4: 1744 daAuts
    D:15: 1727 daAuts
    D:13: 1724 daAuts
